 Dungeon Crawl Stone Soup version 0.30.0-10-gfe55d96785 (webtiles) character file.

Game seed: 8565588491189706736

1299 GigaChad the Ruffian (level 8, -1/78 HPs)
             Began as a Troll Fighter on May 14, 2023.
             Was a Believer of Wu Jian.
             Slain by an orc
             ... wielding a +0 club
              (4 damage)
             ... on level 6 of the Dungeon.
             The game lasted 00:05:47 (3147 turns).

GigaChad the Ruffian (Troll Fighter)                Turns: 3147, Time: 00:05:47

Health: -1/78      AC:  4    Str: 27    XL:     8   Next: 31%
Magic:  7/7        EV:  9    Int:  4    God:    Wu Jian [**....]
Gold:   163        SH: 12    Dex:  9    Spells: 7/7 levels left

rFire   . .          .
                       - Unarmed
rCold   . . .        b - +0 kite shield
rNeg    . . .        a - +0 robe
rPois   .            (helmet restricted)
rElec   .            (no cloak)
rCorr   .            (gloves unavailable)
SInv    .            (boots unavailable)
Will    .....        d - amulet of reflection
Stlth   +            (no ring)
HPRegen 1.13/turn    (no ring)
MPRegen 0.10/turn

%: reflection
@: no status effects
A: large, unfitting armour, claws 3, regeneration 1, shaggy fur 1, tough skin 1
a: Renounce Religion, Wall Jump


You were on level 6 of the Dungeon.
You worshipped Wu Jian.
Wu Jian was pleased with you.
You visited 1 branch of the dungeon, and saw 6 of its levels.

You collected 163 gold pieces.

Inventory:

Armour
 a - a +0 robe (worn)
 b - a +0 kite shield (worn)
Jewellery
 d - an amulet of reflection (around neck)
 m - a ring of willpower
 u - an amulet of regeneration
Wands
 t - a wand of flame (21)
 v - a wand of paralysis (9)
Scrolls
 e - a scroll of vulnerability
 f - 3 scrolls of blinking
 g - a scroll of summoning
 h - 3 scrolls of enchant weapon
 n - 2 scrolls of teleportation
 q - a scroll of fear
 r - 4 scrolls of identify
Potions
 c - 2 potions of might
 i - 3 potions of flight {unknown}
 j - a potion of ambrosia {unknown}
 k - a potion of haste {unknown}
 l - a potion of invisibility {unknown}
 o - 3 potions of lignification {unknown}
 p - 3 potions of curing {unknown}
Miscellaneous
 s - a piece from Xom's chessboard (15/15)


   Skills:
 * Level 3.9 Fighting
 * Level 5.0 Dodging
 - Level 2.9 Shields
 * Level 7.9 Unarmed Combat


You had 7 spell levels left.
You didn't know any spells.
Your spell library contained the following spells:

 Spells                   Type           Power      Damage    Failure   Level
 Apportation              Tloc           0%         N/A       75%         1
 Shock                    Conj/Air       0%         1d3       75%         1
 Inner Flame              Hex/Fire       0%         N/A       98%         3
 Swiftness                Air            0%         N/A       98%         3
 Airstrike                Air            0%         2d(0-16)  100%        4
 Flame Wave               Conj/Fire      0%         2d4       100%        4
 Sticky Flame             Conj/Fire      0%         2d3       100%        4
 Alistair's Intoxication  Tmut/Pois      0%         N/A       100%        5


Dungeon Overview and Level Annotations

Branches:
Dungeon (6/15)             Temple (0/1) D:4

Altars:
Dithmenos
Wu Jian
Xom
Yredelemnul

Shops:
D:5 =


Innate Abilities, Weirdness & Mutations

You are too large for most types of armour.
You have claws for hands.
Your natural rate of healing is unusually fast.
You are covered in fur. (AC +1)
You have tough skin. (AC +1)


Message History

The orc hits you with a +0 dagger.
The sky beast flickers out of sight!
Deactivating autopickup; reactivate with Ctrl-A.
Something hits you but does no damage. The orc hits you with a +0 flail.
You are too injured to fight recklessly!
You are too injured to fight recklessly!
You are too injured to fight recklessly!
Unknown command.
You scratch the orc priest.
The orc priest is moderately wounded.
The orc priest hits you but does no damage.
The orc priest begins to cast a cantrip, but forgets the words!
You block the orc's attack. The orc hits you with a +0 dagger.
Something hits you. Something shocks you.
* * * LOW HITPOINT WARNING * * *
The orc hits you with a +0 flail.
* * * LOW HITPOINT WARNING * * *
You mangle the orc priest!!
You kill the orc priest!
The Council accepts your kill. The orc closely misses you.
You block the orc's attack. The orc closely misses you. Something hits you.
* * * LOW HITPOINT WARNING * * *
Something shocks you.
* * * LOW HITPOINT WARNING * * *
Your Dodging skill increases to level 5!
Unknown command.
You scratch the orc.
The orc is severely wounded.
Something hits you.
* * * LOW HITPOINT WARNING * * *
Something shocks you.
* * * LOW HITPOINT WARNING * * *
The orc barely misses you. The orc hits you with a +0 whip.
* * * LOW HITPOINT WARNING * * *
You block the orc's attack. x2
Unknown command.
You barely miss the orc.
The orc is severely wounded.
The orc hits you with a +0 club.
You die...

####### #.....#
+.....# #.....#
#.....#### .#
#....##..###..#.
#....#..o{o.....
#....'..@oh.....
#....#..oo.....$
#....#######+##.
###...........
#...........
#...........
#...........
#...........
###...........


You could see a howler monkey, an orc priest (resistant) and 4 orcs.

Vanquished Creatures
  Sigmund (D:4)
  An ice beast (D:5)
  An ogre (D:4)
  A phantom (D:5)
  A kobold brigand (D:5)
  4 scorpions
  A howler monkey (D:4)
  4 hounds
  A jelly (D:4)
  2 orc priests
  An iguana (D:5)
  3 orc wizards
  Terence (D:3)
  4 gnolls
  5 adders
  4 dart slugs
  A worm (D:3)
  18 orcs
  6 endoplasms
  5 giant cockroaches
  5 goblins
  5 hobgoblins
  16 kobolds
  3 quokkas
  4 ball pythons
  6 bats
  3 frilled lizards
  A spectral orc (D:3)
  2 butterflies (D:5)
110 creatures vanquished.

Vanquished Creatures (others)
  2 kobolds (D:5)
2 creatures vanquished.

Grand Total: 112 creatures vanquished

Notes
Turn   | Place    | Note
-------+----------+-------------------------------------------
     0 | D:1      | GigaChad the Troll Fighter began the quest for the Orb.
     0 | D:1      | Reached XP level 1. HP: 22/22 MP: 0/0
   185 | D:1      | Reached XP level 2. HP: 29/29 MP: 1/1
   454 | D:1      | Reached XP level 3. HP: 36/36 MP: 2/2
  1065 | D:2      | Reached XP level 4. HP: 44/44 MP: 3/3
  1101 | D:2      | Reached skill level 3 in Unarmed Combat
  1136 | D:2      | Found a faded altar of an unknown god.
  1459 | D:2      | Prayed at the altar of an unknown god.
  1459 | D:2      | Became a worshipper of the Wu Jian Council
  1459 | D:2      | Reached * piety under Wu Jian
  1588 | D:3      | Found a basalt altar of Yredelemnul.
  1847 | D:3      | Noticed Terence
  1860 | D:3      | Killed Terence
  2007 | D:4      | Noticed an ogre
  2018 | D:4      | Killed an ogre
  2019 | D:4      | Reached skill level 4 in Unarmed Combat
  2019 | D:4      | Reached XP level 5. HP: 29/53 MP: 4/4
  2093 | D:4      | Reached XP level 6. HP: 59/61 MP: 5/5
  2135 | D:4      | Reached skill level 5 in Unarmed Combat
  2195 | D:4      | Noticed Sigmund
  2210 | D:4      | Killed Sigmund
  2224 | D:4      | Reached XP level 7. HP: 62/67 MP: 6/6
  2242 | D:4      | Reached skill level 6 in Unarmed Combat
  2287 | D:4      | Found a staircase to the Ecumenical Temple.
  2592 | D:5      | Entered Level 5 of the Dungeon
  2592 | D:5      | Found Lupovali's Jewellery Shoppe.
  2621 | D:5      | Reached ** piety under Wu Jian
  2640 | D:5      | Found a shimmering altar of Xom.
  2853 | D:5      | Reached skill level 7 in Unarmed Combat
  2926 | D:5      | Reached XP level 8. HP: 59/78 MP: 7/7
  3098 | D:6      | Found a shadowy altar of Dithmenos.
  3146 | D:6      | Reached skill level 5 in Dodging
  3146 | D:6      | HP: 3/78 [something (5)]
  3147 | D:6      | Slain by an orc

Illustrated notes

Levels and vault maps discovered:
D:1:      heliophobic_arrival_enchanted_forest, layout_basic,
          nicolae_concentric_dashed_squares_mild
D:2:      layout_loops_ring, hellmonk_ecumenical_altar_leap_of_faith
D:3:      layout_basic, yredelemnul_forgotten_temple_becter, uniq_terence
D:4:      layout_cave_pools, temple_doors_e, uniq_sigmund
D:5:      layout_cave_pools, xom_butterflies, serial_shops, shop,
          eino_small_chamber_without_monster
D:6:      black_bear_nest_2, layout_gridville, nicolae_dithmenos_shadow_blocks,
          elyvilon_altar_4, lightli_sewer_entry_pipes, palyth_stone_intersect,
          minmay_diced_spiral

Skill      XL: |  1  2  3  4  5  6  7  8 |
---------------+-------------------------+-----
Dodging        | 3 4 5 |  5.0
Unarmed Combat | 4 5 7 |  7.9
Fighting       | 3 |  3.9
Shields        | |  2.9

Action                     |  1- 3 |  4- 6 |  7- 9 || total
---------------------------+-------+-------+-------++-------
  Melee: Unarmed           |   101 |   110 |   135 ||   346
Ability: Lunge             |       |     8 |     3 ||    11
         Whirlwind         |       |       |     2 ||     2
    Use: Scroll            |     5 |     4 |       ||     9
   Stab: Sleeping          |     1 |     1 |       ||     2
 Armour: Robe              |    23 |    12 |    32 ||    67
  Dodge: Dodged            |    26 |    23 |    58 ||   107
  Block: Kite shield       |    63 |    57 |   111 ||   231
         Reflection        |     1 |     2 |     4 ||     7
